 Dungeon Crawl Stone Soup version 0.17-a0-995-gb5fa8d7 (webtiles) character file.

2107 esc the Insei (level 9, -2/70 HPs)
             Began as a Demonspawn Monk on May 12, 2015.
             Was a Priest of Dithmenos.
             Slain by an orc warrior
             ... wielding a +0 short sword
              (16 damage)
             ... on level 7 of the Dungeon.
             The game lasted 00:21:18 (8638 turns).

esc the Insei (Demonspawn Monk)                     Turns: 8638, Time: 00:21:18

Health: -2/70      AC:  9    Str: 11    XL:     9   Next: 7%
Magic:  12/12      EV: 14    Int: 15    God:    Dithmenos [***...]
Gold:   294        SH:  0    Dex: 19    Spells: 0 memorised, 8 levels left

rFire  . . .     SeeInvis .       - Unarmed
rCold  . . .     Clarity  .     f - +0 ring mail {MR+}
rNeg   . . .     SustAb   .     (no shield)
rPois  .         Gourm    .     (no helmet)
rElec  .         Spirit   .     (no cloak)
rCorr  +         Warding  .     (no gloves)
rMut   .         Stasis   .     (no boots)
MR     ++...                    w - amulet of resist corrosion {rCorr, !d}
Stlth  ++........               a - ring of protection from magic {MR+, !d}
                                x - +3 ring of intelligence

@: wreathed by umbra, very resistant to hostile enchantments, unstealthy
A: talons 1, slimy green scales 2, demonic guardian 1
a: Shadow Step, Renounce Religion


You were on level 7 of the Dungeon.
You worshipped Dithmenos.
Dithmenos was most pleased with you.
You were hungry.

You visited 1 branch of the dungeon, and saw 7 of its levels.

You collected 294 gold pieces.

Inventory:

Hand weapons
 c - a +0 whip of venom
   (You found it on level 1 of the Dungeon)
 e - a +3 dagger of venom
   (You took it off a kobold on level 1 of the Dungeon)
 i - a +1 short sword of protection
   (You took it off an orc on level 4 of the Dungeon)
 r - a +0 dagger of pain
   (You took it off an orc wizard on level 4 of the Dungeon)
Armour
 f - a +0 ring mail of magic resistance (worn)
   (You found it on level 6 of the Dungeon)
 g - a +1 ring mail of cold resistance
   (You took it off a gnoll sergeant on level 6 of the Dungeon)
 k - the +3 shield of Uddep {rC+ rCorr Str-3 Dex-4}
   (You found it on level 5 of the Dungeon)

   It affects your strength (-3).
   It affects your dexterity (-4).
   It protects you from cold.
   It protects you from acid and corrosion.
Jewellery
 a - a ring of protection from magic (right hand) {MR+, !d}
   (You found it on level 7 of the Dungeon)
 w - an amulet of resist corrosion (around neck) {rCorr, !d}
   (You found it on level 6 of the Dungeon)
 x - a +3 ring of intelligence (left hand)
   (You found it on level 6 of the Dungeon)
Magical devices
 s - a wand of draining (7)
   (You took it off a kobold on level 5 of the Dungeon)
Scrolls
 h - 3 scrolls of remove curse
 n - 4 scrolls of identify
 o - a scroll of enchant weapon
 t - a scroll of enchant armour
Potions
 d - 2 potions of might
 z - a potion of degeneration {unknown}
 A - a potion of lignification {!q}
Comestibles
 b - 7 bread rations {@e1}
 j - 6 fruits
 l - 3 meat rations {@e2}


   Skills:
 - Level 6.3 Fighting
 + Level 4.8 Armour
 - Level 5.8 Dodging
 - Level 1.7 Stealth
 - Level 6.6 Unarmed Combat
 - Level 4.2 Invocations


You had 8 spell levels left.
You didn't know any spells.

Dungeon Overview and Level Annotations

Branches:
Dungeon (7/15)
 Temple: D:4-7

Altars:
Ashenzari
Dithmenos
Gozag
Sif Muna
Trog
Vehumet
Yredelemnul

Annotations:
D:7 Viceroy's ghost, experienced FoFi


Innate Abilities, Weirdness & Mutations

You have sharp toenails.
You are mostly covered in slimy green scales (AC +3).
A weak demonic guardian rushes to your aid.


Message History

You miss the crimson imp. Your kick misses the crimson imp.
The crimson imp hits you.
You take 2 damage, and have 65/70 hp.
You barely miss the crimson imp. Your kick misses the crimson imp.
The crimson imp hits you but does no damage.
You barely miss the crimson imp. Your kick misses the crimson imp.
The crimson imp misses you.
You closely miss the crimson imp.
You claw the crimson imp, but do no damage.
Your punch misses the crimson imp. The crimson imp puffs mist at you.
The crimson imp blinks!
You barely miss the kobold. You claw the kobold, but do no damage.
You punch the kobold!
You kill the kobold!
Dithmenos accepts your kill.
Things that are here:
a club; a kobold corpse You barely miss the crimson imp.
Your kick misses the crimson imp. You punch the crimson imp.
The crimson imp closely misses you.
Your ring mail prevents you from hitting the crimson imp.
You hit the crimson imp. The crimson imp closely misses you.
You miss the crimson imp.
You claw the crimson imp, but do no damage.
The crimson imp barely misses you.
You hit the crimson imp. You punch the crimson imp. The crimson imp misses you.
You punch the crimson imp!
You kill the crimson imp!
Dithmenos accepts your kill.
No target in view!
No target in view!
Things that are here:
a club; a kobold corpse Health restored: 70 The orc warrior shouts!
You see here a robe.
You swap places.
The orc warrior closely misses you.
You barely miss the orc warrior.
You claw the orc warrior, but do no damage.
The orc warrior hits you with a short sword.
You take 3 damage, and have 67/70 hp.
You punch the orc warrior!
You claw the orc warrior, but do no damage.
Your iron imp hits the orc warrior.
You barely miss the orc warrior.
You claw the orc warrior, but do no damage.
The orc warrior closely misses you.
You hit the orc warrior.
Your iron imp disappears in a puff of smoke!
The orc warrior closely misses you.
You barely miss the orc warrior. Your kick misses the orc warrior.
The orc closely misses you.
The orc warrior hits you but does no damage.
You hit the orc warrior but do no damage.
Your kick misses the orc warrior. The orc barely misses you.
The orc warrior hits you with a short sword!
You take 14 damage, and have 53/70 hp.
You hit the orc warrior but do no damage.
You claw the orc warrior. The orc completely misses you.
The orc warrior hits you with a short sword!
You take 11 damage, and have 42/70 hp.
You completely miss the orc warrior. You hit the orc warrior.
You claw the orc warrior, but do no damage.
The orc warrior hits you with a short sword!
The orc closely misses you.
You take 7 damage, and have 35/70 hp.
You hit the orc warrior. Your kick misses the orc warrior.
The orc warrior hits you but does no damage.
The orc hits you with a flail.
You take 4 damage, and have 31/70 hp.
You hit the orc warrior but do no damage.
You claw the orc warrior, but do no damage.
The orc warrior suddenly cheers.
The orc warrior hits you but does no damage.
You hit the orc warrior. The orc closely misses you.
The orc warrior closely misses you.
You barely miss the orc warrior. Your kick misses the orc warrior.
The orc misses you. The orc warrior misses you.
You completely miss the orc warrior.
You claw the orc warrior, but do no damage.
The orc closely misses you.
You barely miss the orc warrior. The orc warrior closely misses you.
You hit the orc warrior but do no damage.
The orc hits you with a flail!
The orc warrior hits you with a short sword!
* * * LOW HITPOINT WARNING * * *
You take 16 damage, and have 16/70 hp.
MASSIVE DAMAGE!!
You hit the orc warrior but do no damage.
Your kick misses the orc warrior. The orc barely misses you.
The orc warrior hits you with a short sword.
* * * LOW HITPOINT WARNING * * *
You take 2 damage, and have 14/70 hp.
You hit the orc warrior but do no damage.
The orc warrior misses you. The orc barely misses you.
You hit the orc warrior but do no damage.
You claw the orc warrior, but do no damage.
The orc warrior hits you with a short sword!
You die...

#......######### ..#
..#.. #.............#
. ......
#.....#######.####..##
###.###
#.....#....##.........
.
#..##.#....##.###.#...
#...#.#....##...#
##.#.#.#<...##...#
.....#.#....##..[#
####..)#.†..##..@#
##.....#....##.oo#
##.##.>#.#####....
##.##.....# #...##
...###.#..# #...# ####
#.#..# #...# #.#..#
##.## #.#..# #. #.#..#


You could see an orc warrior and an orc.

Vanquished Creatures
  An orc warrior (D:5)
  An ice beast (D:6)
  3 ogres
  4 sky beasts
  2 big kobolds (D:5)
  A gnoll sergeant (D:6)
  3 scorpions
  A jelly (D:6)
  A centaur zombie (D:5)
  A giant frog zombie (D:5)
  2 crimson imps
  3 hounds
  A centaur skeleton (D:6)
  5 orc wizards
  6 worker ants
  2 orc priests
  Jessica (D:3)
  A giant frog skeleton (D:6)
  A hound zombie (D:6)
  5 adders
  7 gnolls
  A shadow imp (D:5)
  An adder zombie (D:6)
  3 worms
  5 giant geckos
  24 orcs
  7 bats
  A bat skeleton (D:5)
  3 giant cockroaches
  5 goblins
  15 hobgoblins
  3 quokkas
  A ball python (D:5)
  5 giant newts
  45 kobolds
  11 rats
182 creatures vanquished.

Vanquished Creatures (others)
  An iron imp (D:7)
1 creature vanquished.

Grand Total: 183 creatures vanquished

Notes
Turn   | Place    | Note
--------------------------------------------------------------
     0 | D:1      | esc the Demonspawn Monk began the quest for the Orb.
     0 | D:1      | Reached XP level 1. HP: 18/18 MP: 1/1
   563 | D:1      | Gained mutation: You are partially covered in slimy green scales (AC +2). [demonic ancestry]
   563 | D:1      | Reached XP level 2. HP: 8/24 MP: 2/2
  1439 | D:2      | Reached skill level 3 in Dodging
  1528 | D:2      | Reached skill level 4 in Unarmed Combat
  1531 | D:2      | HP: 6/24 [kobold/dagger (3)]
  1762 | D:2      | Reached XP level 3. HP: 26/29 MP: 3/3
  2995 | D:3      | Gained mutation: You are mostly covered in slimy green scales (AC +3). [demonic ancestry]
  2995 | D:3      | Reached XP level 4. HP: 23/36 MP: 4/4
  3199 | D:3      | Noticed Jessica
  3217 | D:3      | Killed Jessica
  3449 | D:3      | Found a deep blue altar of Sif Muna.
  3695 | D:4      | Reached skill level 4 in Fighting
  3767 | D:4      | Gained mutation: You have sharp toenails. [demonic ancestry]
  3767 | D:4      | Reached XP level 5. HP: 42/42 MP: 5/5
  3978 | D:4      | Noticed an ice beast
  3979 | D:4      | Reached skill level 4 in Dodging
  4513 | D:4      | Found an opulent altar of Gozag.
  4515 | D:4      | Found a basalt altar of Yredelemnul.
  4534 | D:4      | Found a shadowy altar of Dithmenos.
  4556 | D:4      | Found a shattered altar of Ashenzari.
  4560 | D:4      | Found a bloodstained altar of Trog.
  4574 | D:4      | Became a worshipper of Dithmenos the Shadowed
  4574 | D:4      | Acquired Dithmenos's first power
  4614 | D:4      | Reached XP level 6. HP: 45/49 MP: 6/6
  4746 | D:4      | Reached skill level 5 in Unarmed Combat
  4768 | D:5      | Entered Level 5 of the Dungeon
  4802 | D:4      | HP: 7/50 [something (6)]
  4814 | D:4      | Reached skill level 5 in Fighting
  5107 | D:5      | Got a steaming shield
  5113 | D:5      | Identified the +3 shield of Uddep {rC+ rCorr Str-3 Dex-4} (You found it on level 5 of the Dungeon)
  5154 | D:5      | Reached XP level 7. HP: 56/56 MP: 7/7
  5321 | D:5      | Reached skill level 5 in Dodging
  5349 | D:5      | Reached skill level 1 in Invocations
  5440 | D:5      | Reached skill level 3 in Invocations
  5771 | D:5      | Reached skill level 4 in Invocations
  6041 | D:5      | Reached skill level 6 in Unarmed Combat
  6041 | D:5      | Reached XP level 8. HP: 58/64 MP: 11/11
  6135 | D:5      | Acquired Dithmenos's second power
  6968 | D:5      | Reached skill level 6 in Fighting
  7075 | D:6      | Found a radiant altar of Vehumet.
  7615 | D:6      | Reached skill level 1 in Armour
  7843 | D:5      | HP: 4/65 [orc warrior/flail (19)]
  7846 | D:5      | Reached skill level 2 in Armour
  8058 | D:6      | Reached skill level 3 in Armour
  8238 | D:6      | Reached skill level 4 in Armour
  8386 | D:6      | Gained mutation: A weak demonic guardian rushes to your aid. [demonic ancestry]
  8386 | D:6      | Reached XP level 9. HP: 66/70 MP: 12/12
  8397 | D:7      | Noticed Viceroy's ghost (experienced FoFi)
  8635 | D:7      | HP: 16/70 [orc warrior/short sword (8)]
  8638 | D:7      | Slain by an orc warrior

Vault maps used:
D:1:      dpeg_arrival_water_temple_mockup, minmay_parallelograms
D:2:      first_bread, kennysheep_generic_room_4
D:3:      tgw_sif, serial_bayou_lagoon_b
D:4:      minmay_overflow_temple_star_hex, serial_forest,
          infiniplex_forest_end_2, infiniplex_forest_lined_4_way,
          infiniplex_forest_lined_3, infiniplex_forest_fountain,
          infiniplex_forest_straight_2, infiniplex_forest_end_2
D:5:      minmay_goblin_kobold_castle, sigmund_army
D:6:      lemuel_round_altar, kennysheep_generic_room_7
D:7:      minmay_temple_entry_grid

Action                   |  1- 3 |  4- 6 |  7- 9 || total
-------------------------+-------+-------+-------++-------
Melee: Unarmed           |   179 |   200 |   461 ||   840
       Whip              |       |     3 |       ||     3
Evoke: Wand              |       |       |     6 ||     6
  Use: Potion            |       |     8 |     2 ||    10
       Scroll            |       |       |     9 ||     9
 Stab: Sleeping          |     4 |     3 |     5 ||    12
       Distracted        |       |     1 |       ||     1
  Eat: Chunk             |     6 |     7 |    10 ||    23
       Beef jerky        |       |       |     1 ||     1

Vault maps used:
D:1:      dpeg_arrival_water_temple_mockup, minmay_parallelograms
D:2:      first_bread, kennysheep_generic_room_4
D:3:      tgw_sif, serial_bayou_lagoon_b
D:4:      minmay_overflow_temple_star_hex, serial_forest,
          infiniplex_forest_end_2, infiniplex_forest_lined_4_way,
          infiniplex_forest_lined_3, infiniplex_forest_fountain,
          infiniplex_forest_straight_2, infiniplex_forest_end_2
D:5:      minmay_goblin_kobold_castle, sigmund_army
D:6:      lemuel_round_altar, kennysheep_generic_room_7
D:7:      minmay_temple_entry_grid

Table legend:
 A = Turns spent in this place as a percentage of turns spent in the entire game.
 B = Non-inter-level travel turns spent in this place as a percentage of non-inter-level travel turns spent in the entire game.
 C = Inter-level travel turns spent in this place as a percentage of turns spent in this place.
 D = Turns resting spent in this place as a percentage of non-inter-level travel turns spent in this place.
 E = Turns spent auto-exploring this place as a percentage of non-inter-level travel turns spent in this place.
 F = Non-inter-level travel turns spent in this place divided by the number of levels of this place that you've seen.
                   A       B       C       D       E      F
               +-------+-------+-------+-------+-------+----------------------
         Total | 100.0 | 100.0 |   0.6 |   2.7 |   6.2 | 407.3
       Dungeon | 100.0 | 100.0 |   0.6 |   2.7 |   6.2 | 407.3
               +-------+-------+-------+-------+-------+----------------------

Table legend:
 A = Kills in this place as a percentage of kills in entire the game.
 B = Kills by you in this place as a percentage of kills by you in the entire game.
 C = Kills by friends in this place as a percentage of kills by friends in the entire game.
 D = Other kills in this place as a percentage of other kills in the entire game.
 E = Experience gained in this place as a percentage of experience gained in the entire game.
 F = Experience gained in this place divided by the number of levels of this place that you have seen.
                   A       B       C       D       E      F
               +-------+-------+-------+-------+-------+----------------------
         Total | 100.0 | 100.0 |  -nan |  -nan | 100.0 | 430.0
       Dungeon | 100.0 | 100.0 |  -nan |  -nan | 100.0 | 430.0
               +-------+-------+-------+-------+-------+----------------------
